 Dungeon Crawl Stone Soup version 0.21.1-1-g345015f (webtiles) character file.

58 lotte the Magician (level 3, -1/19 HPs)
             Began as a Deep Elf Wizard on June 30, 2018.
             Killed from afar by Natasha (9 damage)
             ... with a magic dart
             ... on level 2 of the Dungeon.
             The game lasted 00:12:46 (2412 turns).

lotte the Magician (Deep Elf Wizard)                Turns: 2412, Time: 00:12:47

Health: -1/19      AC:  2    Str:  4    XL:     3   Next: 76%
Magic:  7/12       EV: 13    Int: 23    God:
Gold:   102        SH:  0    Dex: 13    Spells: 9/14 levels left

rFire    . . .     SeeInvis .   p - +0 dagger (curse)
rCold    . . .     Gourm    .   (no shield)
rNeg     . . .     Faith    .   a - +0 robe
rPois    .         Spirit   .   b - +0 hat
rElec    .         Reflect  .   (no cloak)
rCorr    .         Harm     .   (no gloves)
MR       .....                  (no boots)
Stlth    ++........             q - amulet of magic regeneration
HPRegen  0.06/turn              (no ring)
MPRegen  0.38/turn              (no ring)

@: very slightly contaminated, slowed, very slow
A: no striking features
a: no special abilities


You were on level 2 of the Dungeon.
You were not hungry.

You visited 1 branch of the dungeon, and saw 2 of its levels.

You collected 102 gold pieces.

Inventory:

Hand Weapons
 f - a +0 spear
 h - a +0 short sword
 o - a +0 dagger
 p - a cursed +0 dagger (weapon)
Armour
 a - a +0 robe (worn)
 b - a +0 hat (worn)
 g - a +0 leather armour
Jewellery
 q - an amulet of magic regeneration (around neck)
Scrolls
 e - a scroll of immolation {unknown}
 i - 2 scrolls of remove curse {unknown}
 j - 2 scrolls of blinking {unknown}
 k - 2 scrolls of enchant weapon {unknown}
 l - 2 scrolls of enchant armour {unknown}
 n - a scroll of noise {unknown}
 s - a scroll of teleportation {unknown}
 v - a scroll of identify {unknown}
Potions
 m - a potion of flight {unknown}
 t - 2 potions of magic {unknown}
 u - a potion of haste
Books
 c - a book of Minor Magic

   Spells                             Type                      Level
   a - Magic Dart                     Conjuration                  1
   b - Blink                          Translocation                2
   c - Call Imp                       Summoning                    2
   d - Slow                           Hexes                        2
   e - Conjure Flame                  Conjuration/Fire             3
   f - Mephitic Cloud                 Conjuration/Poison/Air       3
Comestibles
 d - 4 rations


   Skills:
 - Level 2.7 Dodging
 - Level 2.5 Stealth
 + Level 6.0 Spellcasting
 * Level 1.7 Conjurations
 + Level 1.2 Summonings
   Level 1.1 Translocations


You had 9 spell levels left.
You knew the following spells:

 Your Spells              Type           Power        Failure   Level  Hunger
a - Magic Dart            Conj           ###.         4%          1    None
b - Call Imp              Summ           ##......     8%          2    None
c - Slow                  Hex            #.......     13%         2    None


Dungeon Overview and Level Annotations

Branches:
Dungeon (2/15)

Altars:

Annotations:
D:2 Natasha, Sigmund


Message History

Natasha barely misses your crimson imp.
Your crimson imp barely misses Natasha.
Casting: Call Imp
Confirm with . or Enter, or press ? or * to list all spells.
You miscast Call Imp.
You are very lightly contaminated with residual magic.
Your brain hurts!
Natasha misses your crimson imp.
Your crimson imp blinks!
Natasha casts a spell at you. The magic dart hits you!
Natasha wildly gestures.
Natasha glows brightly for a moment.
Natasha stares at you and mumbles some strange words.
You feel yourself slow down.
Your crimson imp hits Natasha but does no damage.
Casting: Call Imp
Confirm with . or Enter, or press ? or * to list all spells.
A shadowy apparition takes form in the air.
Natasha stares at you and mumbles some strange words.
The magic dart hits you!
You die...

#... ...
#.....#.....# ####
##.. ........####..#
#.. #.#.^...## #..#
#..###.#...... #..#
.....#.#.....####..#
#.................#
##.....#.#.#######.#
.......#.#.....[...#
.........h@......###
.....#.#.5.5.......#
#.# #.#.#######.#.#
#...# #.#.# ###.#
#.#.# #.# #5#.# #.#
#.#.# #.# #.#.#
#.#.#


You could see Natasha, a friendly crimson imp and a friendly shadow imp.

Vanquished Creatures
  An adder (D:2)
  2 dart slugs (D:1)
  2 bats (D:2)
  A giant cockroach (D:2)
  7 goblins
  4 hobgoblins
  7 jackals
  A ball python (D:2)
  6 frilled lizards
  6 kobolds
  2 rats
39 creatures vanquished.

Vanquished Creatures (collateral kills)
  2 worms
  A leopard gecko (D:2)
  A giant cockroach (D:2)
4 creatures vanquished.

Grand Total: 43 creatures vanquished

Notes
Turn   | Place    | Note
-------+----------+-------------------------------------------
     0 | D:1      | lotte the Deep Elf Wizard began the quest for the Orb.
     0 | D:1      | Reached XP level 1. HP: 10/10 MP: 7/7
   251 | D:1      | Reached skill level 5 in Spellcasting
   251 | D:1      | Reached XP level 2. HP: 15/15 MP: 3/10
   993 | D:2      | Reached XP level 3. HP: 17/19 MP: 7/12
  1335 | D:2      | Learned a level 2 spell: Call Imp
  1572 | D:2      | Learned a level 2 spell: Slow
  2098 | D:2      | Reached skill level 6 in Spellcasting
  2331 | D:2      | Noticed Sigmund
  2403 | D:2      | Noticed Natasha
  2412 | D:2      | Killed from afar by Natasha

Skill      XL: |  1  2  3 |
---------------+----------+-----
Spellcasting   | 5 6 |  6.0
Dodging        | |  2.7
Stealth        | |  2.5
Conjurations   | |  1.7
Summonings     | |  1.2
Translocations | |  1.1

Action                   || total
-------------------------++-------
Melee: Spear             ||     4
       Unarmed           ||     2
       Dagger            ||     2
 Cast: Magic Dart        ||    99
       Call Imp          ||    15
  Eat: Chunk             ||     4
Armor: Robe              ||     2
Dodge: Dodged            ||    23
